 Dungeon Crawl Stone Soup version 0.15-a0-1549-gb42009b (webtiles) character file.

69 Quh the Ruinous (level 4, 30/30 HPs)
             Began as a Demonspawn Wizard on June 16, 2014.
             Quit the game on Level 2 of the Dungeon on June 17, 2014.
             The game lasted 00:15:54 (2070 turns).

Quh the Ruinous (Demonspawn Wizard)                 Turns: 2070, Time: 00:15:55

HP  30/30        AC  2     Str  7      XL: 4   Next:  2%
MP   9/9         EV 12     Int 21      God:
Gold 97          SH  0     Dex 11      Spells:  4 memorised,  2 levels left

rFire  . . .     SeeInvis .     (no weapon)
rCold  . . .     Clarity  .     a - +0 robe
rNeg   . . .     rCorr    .     (no shield)
rPois  .         rRot     .     b - +0 hat
rElec  .         Spirit   +     (no cloak)
SustAb .         Warding  .     (no gloves)
rMut   .         Stasis   .     (no boots)
Gourm  .                        (no amulet)
MR     .....                    (no ring)
                                (no ring)

@: not resistant to hostile enchantments, unstealthy
A: claws 1, demonic guardian 1, magic shield
a: no special abilities


You were on level 2 of the Dungeon.
You were not hungry.

You visited 1 branch of the dungeon, and saw 2 of its levels.

You collected 97 gold pieces.

Inventory:

Hand weapons
 j - a +0 spear
 l - a +0 dagger
Missiles
 k - 50 stones (quivered)
Armour
 a - a +0 robe (worn)
 b - a +0 hat (worn)
 f - a +0 helmet
Comestibles
 d - a bread ration
 t - a rotting chunk of rat flesh
Scrolls
 g - a scroll of enchant weapon {unknown}
 h - 2 scrolls of remove curse {unknown}
 m - a scroll of noise {unknown}
 q - a scroll of identify {unknown}
Potions
 e - 2 potions of curing {unknown}
 i - a potion of mutation {unknown}
 n - a potion of magic {unknown}
 p - a potion of brilliance {unknown}
Books
 c - a book of Minor Magic

   Spells                             Type                      Level
   *Magic Dart                        Conjuration                  1
   *Blink                             Translocation                2
   *Call Imp                          Summoning                    2
   *Repel Missiles                    Charms/Air                   2
   Slow                               Hexes                        2
   Conjure Flame                      Conjuration/Fire             3
   Mephitic Cloud                     Conjuration/Poison/Air       3


   Skills:
 - Level 1.7 Dodging
 - Level 1.7 Stealth
 - Level 3.0 Spellcasting
 * Level 3.2 Conjurations
 * Level 1.8 Summonings
 * Level 1.5 Translocations


You had 2 spell levels left.
You knew the following spells:

 Your Spells              Type           Power        Failure   Level  Hunger
a - Magic Dart            Conj           ###.         4%          1    None
b - Blink                 Tloc           N/A          12%         2    ##.....
c - Call Imp              Summ           ##......     12%         2    ##.....
d - Repel Missiles        Chrm/Air       #.....       21%         2    ##.....


Dungeon Overview and Level Annotations

Branches:
Dungeon (2/15)

Altars:
Nemelex Xobeh
The Shining One


Innate Abilities, Weirdness & Mutations

You have sharp fingernails.
A weak demonic guardian rushes to your aid.
When hurt, damage is shared between your health and your magic reserves.


Message History

You kill the adder!
You have reached level 4!
Your demonic ancestry asserts itself...
You feel your magical essence form a protective shroud around your flesh.
You feel clever.
You start resting.
Some of the chunks of flesh in your inventory have completely rotted away.
You see here an adder corpse.
You start butchering the adder corpse.
You continue butchering the corpse.
You continue butchering the corpse. x2
You finish butchering the adder corpse.
o - a chunk of adder flesh You start resting.
You are feeling hungry.
Eat a chunk of adder flesh? (ye/n/q/i?) This raw flesh tastes terrible.
You continue eating. x2
You see here a stone.
Found 21 arrows.
Are you sure you want to abandon this character and quit the game? (Confirm with "yes".)

#....#.##...###...#
#.####.......[#####
#.####........# #
#...........>.# ##
##.#####.......# #.
#...# #.......# #.
#...# #.......####.
#...# #.......%....
#..@# #####........
#.#....(.#
#..####..
#...###...##..# ...
##### .......##.#
..##..####.# ##
#... ..# ##### ###


There were no monsters in sight!

Vanquished Creatures
  2 adders (D:2)
  A giant gecko (D:2)
  A ball python (D:1)
  7 goblins
  4 hobgoblins
  5 jackals (D:1)
  6 kobolds
  A quokka (D:2)
  8 bats
  A giant cockroach (D:1)
  3 giant newts
  7 rats
46 creatures vanquished.

Vanquished Creatures (collateral kills)
  A worm (D:2)
  A giant newt (D:2)
2 creatures vanquished.

Grand Total: 48 creatures vanquished

Notes
Turn   | Place    | Note
--------------------------------------------------------------
     0 | D:1      | Quh, the Demonspawn Wizard, began the quest for the Orb.
     0 | D:1      | Reached XP level 1. HP: 13/13 MP: 4/4
   100 | D:1      | Upgraded the game from 0.15-a0-1537-ge1f089e to 0.15-a0-1549-gb42009b
   219 | D:1      | Gained mutation: A weak demonic guardian rushes to your aid. [demonic ancestry]
   219 | D:1      | Reached XP level 2. HP: 8/19 MP: 0/6
   223 | D:1      | Learned a level 2 spell: Blink
   226 | D:1      | Learned a level 2 spell: Call Imp
   229 | D:1      | Learned a level 2 spell: Repel Missiles
   878 | D:1      | Reached skill level 1 in Translocations
  1144 | D:2      | Gained mutation: You have sharp fingernails. [demonic ancestry]
  1144 | D:2      | Reached XP level 3. HP: 11/24 MP: 1/7
  1858 | D:2      | Found a glowing golden altar of the Shining One.
  1858 | D:2      | Found a sparkling altar of Nemelex Xobeh.
  1970 | D:2      | Gained mutation: When hurt, damage is shared between your health and your magic reserves. [demonic ancestry]
  1970 | D:2      | Reached XP level 4. HP: 30/30 MP: 2/9
  2070 | D:2      | Quit the game

Action                   |  1- 3 |  4- 6 || total
-------------------------+-------+-------++-------
Melee: Unarmed           |    26 |       ||    26
       Spear             |    19 |       ||    19
 Cast: Magic Dart        |    86 |     1 ||    87
       Call Imp          |     5 |       ||     5
 Stab: Distracted        |     1 |       ||     1
